 Dungeon Crawl Stone Soup version 0.31.0-11-ge490571c62 (webtiles) character file.

Game seed: 3733470802073911185

97 qw the Shooter (level 4, -1/22 HPs)
             Began as a Spriggan Hunter on Feb 3, 2024.
             Slain by a lemure (7 damage)
             ... led by Pikel
             ... on level 4 of the Dungeon.
             The game lasted 00:00:09 (2145 turns).

qw the Shooter (Spriggan Hunter)                    Turns: 2145, Time: 00:00:09

Health: -1/22      AC:  8    Str:  7    XL:     4   Next: 42%
Magic:  5/5        EV: 25    Int: 10    God:
Gold:   140        SH:  0    Dex: 20    Spells: 3/3 levels left

rFire   . . .        a - +1 shortbow (freeze)
rCold   . . .        (shield currently unavailable)
rNeg    . . .        c - +0 robe
rPois   .            (helmet restricted)
rElec   .            n - +1 cloak
rCorr   .            (gloves unavailable)
SInv    +            (boots unavailable)
Will    .....        (no amulet)
Stlth   ++           o - +4 ring of protection
HPRegen 0.23/turn    i - +5 ring of evasion
MPRegen 0.09/turn

%: no passive effects
@: very quick
A: very small, no large weapons, unfitting armour, see invisible, speed 3
a: no special abilities


You were on level 4 of the Dungeon.
You visited 1 branch of the dungeon, and saw 4 of its levels.

You collected 166 gold pieces.
You spent 26 gold pieces at shops.


Innate Abilities, Weirdness & Mutations

You are very small and have problems with some larger weapons.
You are too small for most types of armour.
You have supernaturally acute eyesight. (SInv)
You cover ground extremely quickly. (Speed+++)


   Skills:
 - Level 1.5 Fighting
 - Level 5.0 Ranged Weapons
 + Level 4.8 Dodging
 - Level 1.5 Stealth


You had 3 spell levels left.
You didn't know any spells.
Your spell library was empty.

Inventory:

Hand Weapons
 a - a +1 shortbow of freezing (weapon)
Armour
 c - a +0 robe (worn)
 n - a +1 cloak (worn)
Jewellery
 i - a +5 ring of evasion (right hand)
 o - a +4 ring of protection (left hand)
Scrolls
 h - 2 scrolls of teleportation
Potions
 d - a potion of heal wounds
 e - a potion of cancellation {unknown}
 g - a potion of curing
 j - a potion of enlightenment
 k - a potion of resistance
 l - a potion of berserk rage {unknown}
 m - a potion of attraction {unknown}

Dungeon Overview and Level Annotations

Branches:
Dungeon (4/15)
 Temple: D:4-7

Altars:
Wu Jian

Shops:
D:1 ?


Message History

You shoot an arrow. The arrow hits the lemure!
The arrow freezes the lemure.
You kill the lemure!
That felt strangely unrewarding.
The gnoll completely misses you. The gnoll hits you with a +0 club.
The gnoll completely misses you. The lemure hits you.
The lemure closely misses you.
The gnoll bouda calls upon its god to heal the gnoll.
The gnoll's wounds heal themselves!
The giant cockroach completely misses you.
You shoot an arrow. The arrow hits the lemure!
The arrow freezes the lemure.
The lemure is moderately wounded.
The gnoll completely misses you. The gnoll barely misses you.
The giant cockroach misses you. The lemure completely misses you.
The gnoll bouda barely misses you. The lemure misses you.
The gnoll closely misses you.
You shoot an arrow. The arrow hits the lemure.
The arrow freezes the lemure.
The lemure is heavily wounded.
The giant cockroach barely misses you. The gnoll closely misses you.
The gnoll completely misses you. The lemure barely misses you.
The gnoll bouda misses you. The lemure completely misses you.
The gnoll barely misses you.
The giant cockroach completely misses you.
The gnoll misses you.
You shoot an arrow. The arrow closely misses the lemure.
The arrow hits the goblin.
The arrow freezes the goblin.
The goblin is severely wounded.
The gnoll barely misses you. The lemure closely misses you.
The gnoll bouda completely misses you. The lemure hits you.
The giant cockroach closely misses you. The gnoll completely misses you.
The gnoll hits you but does no damage.
You shoot an arrow. The arrow barely misses the lemure.
The arrow barely misses the goblin.
The gnoll is no longer moving quickly.
The lemure closely misses you. The lemure barely misses you.
The gnoll bouda barks out a call to the hunt!
The gnoll picks up the pace!
The giant cockroach completely misses you.
The gnoll completely misses you. x2; The gnoll misses you.
The gnoll bouda completely misses you. The lemure hits you!
You die...

#. #.. . ### .#
... ..###.. .#
.... ...[...
.#.....
......5####.#S.#..
.....g5@gg#.......
#.##..Bgg.).......
#.....g<.......
##[...#.......#
#............g
...............
..#....#........
.........#.......
.!....... ###....


You could see 2 lemures, a gnoll bouda, 4 gnolls, a giant cockroach and a
goblin.

Vanquished Creatures
  A lemure (D:4)
  A gnoll (D:4)
  4 adders
  2 dart slugs
  4 ball pythons
  5 endoplasms (D:1)
  A giant cockroach (D:3)
  3 goblins
  6 hobgoblins
  2 quokkas (D:1)
  5 bats
  5 frilled lizards
  6 kobolds
  3 rats
48 creatures vanquished.

Notes
Turn   | Place    | Note
-------+----------+-------------------------------------------
     0 | D:1      | qw the Spriggan Hunter began the quest for the Orb.
     0 | D:1      | Reached XP level 1. HP: 10/10 MP: 2/2
     0 | D:1      | 0 ||| qw: Version: 0.3-a-157-g843a77d
     0 | D:1      | 0 ||| qw: Game counter: 3720
     0 | D:1      | 0 ||| qw: Melee chars always use a shield: true
     0 | D:1      | 0 ||| qw: God list: Okawaru
     0 | D:1      | 0 ||| qw: Allow faded altars: false
     0 | D:1      | 0 ||| qw: Do Orc after clearing Dungeon:15 true
     0 | D:1      | 0 ||| qw: Do second Lair branch before Depths: true
     0 | D:1      | 0 ||| qw: Lair rune preference: random
     0 | D:1      | 0 ||| qw: Goals: Normal
     0 | D:1      | 0 ||| PLANNING D:1-11
    65 | D:1      | Reached skill level 3 in Dodging
   116 | D:1      | Found a faded altar of an unknown god.
   132 | D:1      | Reached XP level 2. HP: 14/14 MP: 3/3
   145 | D:1      | You fall into a shaft and drop 1 floor!
   180 | D:2      | 180 ||| UPGRADING to +6 ring of strength.
   181 | D:2      | 181 ||| UPGRADING to +5 ring of evasion.
   182 | D:2      | 182 ||| READING scroll labelled EKHLEH COCHEMOT.
   182 | D:2      | 182 ||| BRANDING +0 shortbow.
   183 | D:2      | 183 ||| READING 3 scrolls labelled FOUL ZIQAYB.
   183 | D:2      | 183 ||| IDENTIFYING fizzy silvery potion
   184 | D:2      | 184 ||| READING 2 scrolls of identify.
   184 | D:2      | 184 ||| IDENTIFYING orange potion
   185 | D:2      | 185 ||| READING scroll of identify.
   185 | D:2      | 185 ||| IDENTIFYING scroll labelled XURIAMMOANN
   186 | D:2      | 186 ||| DROPPING scroll of butterflies.
   194 | D:2      | 194 ||| FLEEEEING.
   195 | D:2      | 195 ||| FLEEEEING.
   196 | D:2      | 196 ||| STAIRDANCE
   273 | D:1      | Found Hiagoe's Magic Scroll Shop.
   285 | D:1      | 285 ||| SHOPLISTING 3 scrolls of identify (78 gold, have
                  | 54).
   285 | D:1      | 285 ||| SHOPLISTING scroll of enchant armour (97 gold, have
                  | 54).
   285 | D:1      | 285 ||| SHOPLISTING scroll of enchant weapon (97 gold, have
                  | 54).
   285 | D:1      | 285 ||| BUYING scroll of identify (26 gold).
   285 | D:1      | Bought a scroll of identify for 26 gold pieces
   571 | D:1      | 571 ||| READING scroll of identify.
   571 | D:1      | 571 ||| IDENTIFYING metallic white potion
   572 | D:1      | 572 ||| READING scroll labelled APLINA PEOK.
   573 | D:1      | 573 ||| READING scroll labelled DAUDEQ NARAEN.
   674 | D:1      | 674 ||| DRINKING 2 amethyst potions.
   820 | D:2      | HP: 2/14 [poisoned by an adder]
   821 | D:2      | Reached XP level 3. HP: 3/18 MP: 4/4
   821 | D:2      | 821 ||| DRINKING potion of curing.
   821 | D:2      | 821 ||| (to cure poison)
  1076 | D:2      | Reached skill level 5 in Ranged Weapons
  1157 | D:2      | Reached XP level 4. HP: 22/22 MP: 5/5
  1337 | D:2      | 1337 ||| UPGRADING to +0 cloak.
  1342 | D:2      | 1342 ||| READING scroll labelled YCE CONKAEZIE.
  1342 | D:2      | 1342 ||| ENCHANTING +0 cloak.
  1486 | D:3      | Found an ornate altar of the Wu Jian Council.
  2071 | D:3      | 2071 ||| UPGRADING to +4 ring of protection.
  2073 | D:3      | 2073 ||| DROPPING +6 ring of strength.
  2074 | D:3      | 2074 ||| READING scroll labelled NAAHUR POPRAI.
  2075 | D:3      | 2075 ||| READING scroll labelled YBAFUO KAUHYINOXT.
  2075 | D:3      | 2075 ||| ENCHANTING +0 shortbow of freezing.
  2129 | D:4      | 2129 ||| RETREEEEATING.
  2130 | D:4      | 2130 ||| RETREEEEATING.
  2131 | D:4      | 2131 ||| RETREEEEATING.
  2131 | D:4      | Noticed a lemure
  2131 | D:4      | Noticed a lemure
  2132 | D:4      | Noticed a lemure
  2141 | D:4      | Killed a lemure
  2145 | D:4      | Slain by a lemure

Levels and vault maps discovered:
D:1:      sevenhm_arrival_forest_fort_large_2, layout_rooms,
          chequers_ecumenical_altar_simple_redux, serial_shops, shop
D:2:      layout_loops_ring, minmay_octomino_j4
D:3:      layout_loops_corners, mainiacjoe_overflow_paths,
          hangedman_decor_peaks_small, minmay_misc_feat_diagonals
D:4:      gammafunk_cloud_chamber, layout_layer_cave, minmay_temple_entry_wispy,
          uniq_pikel

Skill      XL: |  1  2  3 |
---------------+----------+-----
Dodging        | 3 4 |  4.8
Ranged Weapons | 5 |  5.0
Fighting       | |  1.5
Stealth        | |  1.5

Action                     |  1- 3 |  4- 6 || total
---------------------------+-------+-------++-------
   Fire: Shortbow          |    91 |    28 ||   119
    Use: Scroll            |     7 |     3 ||    10
         Potion            |     2 |       ||     2
 Armour: Robe              |    11 |    10 ||    21
  Dodge: Dodged            |    30 |    61 ||    91

Table legend:
 A = Non-vault XP
 B = Vault XP
 C = Vault XP percentage of total XP
 D = Non-vault monster count
 E = Vault monster count
 F = Vault count percentage of total count
                 A         B        C        D         E       F
            +---------+---------+-------+---------+---------+-------
      Total |     136 |       3 |   2.2 |      45 |       2 |   4.3
            +---------+---------+-------+---------+---------+-------
        D:1 |      34 |       0 |   0.0 |      20 |       0 |   0.0
        D:2 |      60 |       3 |   4.8 |      15 |       2 |  11.8
        D:3 |      27 |       0 |   0.0 |       8 |       0 |   0.0
        D:4 |      15 |       0 |   0.0 |       2 |       0 |   0.0
            +---------+---------+-------+---------+---------+-------
